AoeStats
← LanceYu

Arena

506634700Analyzed
4v4 RM · 17d ago on Sep 14, 2026· 56m 10s· 8 players
Game mode
Random Map
Map size
Large (8 player)
Population
200
Speed
Normal
Resources
Standard
Victory
Conquest
Starting age
Dark Age
Ending age
Imperial Age
RankedLock teamsTeams togetherTeam positionsShared explorationLock speedFull tech treeHidden civsTurbo modeCheats
Victory
Defeat
🇦🇷 Mongols · Argentina
1409
+14
🇦🇷 Goths · Argentina
1408
+14
🇨🇿 Gurjaras · Czechia
1381
+15
🇺🇸 Bohemians · United States
1369
+16
🇹🇼 Persians · Taiwan
1533
-21
🇹🇼 Koreans · Taiwan
1407
-17
🇹🇼 Japanese · Taiwan
1306
-12
🇹🇼 Bohemians · Taiwan
1217
-9
Skirm2OP
10:57 Feudal Age
14:33 Castle Age
12:54 Double-Bit Axe
13:16 Horse Collar
16:03 Bow Saw
16:48 Fervor
20:41 Loom
22:17 Wheelbarrow
27:33 Imperial Age
25:22 Loom
26:06 Hand Cart
27:15 Chemistry
25:45 Pikeman
26:31 Scale Mail Armor
27:18 Fletching
27:51 Town Watch
28:25 Padded Archer Armor
29:59 Conscription
31:49 Leather Archer Armor
31:46 Siege Engineers
31:09 Houfnice
35:10 Two-Man Saw
35:25 Bodkin Arrow
36:18 Capped Ram
43:43 Bracer
43:25 Elite Skirmisher
44:16 Halberdier
45:33 Ballistics
47:19 Bracer
48:26 Ring Archer Armor
polom.s1989
0:27 Loom
8:22 Loom
10:41 Feudal Age
11:16 Double-Bit Axe
11:16 Horse Collar
17:48 Castle Age
16:11 Gold Mining
16:40 Stone Mining
18:46 Wheelbarrow
19:05 Heavy Plow
19:20 Bow Saw
26:47 Hand Cart
26:21 Town Watch
30:23 Imperial Age
28:46 Scale Barding Armor
28:52 Forging
29:42 Kshatriyas
30:52 Bloodlines
30:43 Husbandry
31:13 Chain Barding Armor
31:29 Iron Casting
31:45 Conscription
30:57 Elite Chakram Thrower
31:41 Scale Mail Armor
33:01 Crop Rotation
33:01 Arson
33:00 Elite Shrivamsha Rider
33:36 Man-at-Arms
34:55 Long Swordsman
36:07 Two-Handed Swordsman
36:34 Heavy Camel Rider
47:03 Light Cavalry
50:08 Plate Barding Armor
49:03 Hussar
sk
10:09 Feudal Age
14:24 Castle Age
12:22 Horse Collar
12:48 Double-Bit Axe
15:46 Heavy Plow
21:21 Scale Barding Armor
21:26 Forging
25:01 Bloodlines
24:52 Husbandry
26:16 Wheelbarrow
27:37 Iron Casting
27:06 Gold Mining
28:12 Chain Barding Armor
30:27 Hand Cart
31:47 Loom
36:34 Imperial Age
34:07 Fletching
35:00 Stone Mining
36:10 Gold Shaft Mining
36:50 Bodkin Arrow
36:50 Elite Mangudai
38:06 Bracer
37:29 Elite Steppe Lancer
40:20 Ballistics
41:01 Chemistry
41:19 Padded Archer Armor
42:24 Thumb Ring
42:55 Conscription
44:06 Parthian Tactics
44:03 Siege Engineers
44:18 Shipwright
46:36 Leather Archer Armor
51:56 Fortified Wall
57:04 Drill
56:47 Nomads
poi
11:58 Feudal Age
16:18 Castle Age
13:49 Man-at-Arms
14:52 Double-Bit Axe
15:04 Gold Mining
15:33 Horse Collar
16:19 Long Swordsman
19:44 Scale Mail Armor
21:01 Chain Mail Armor
24:18 Pikeman
25:45 Squires
27:20 Wheelbarrow
28:05 Forging
30:42 Heavy Plow
34:57 Hand Cart
35:23 Iron Casting
37:50 Imperial Age
39:13 Two-Handed Swordsman
39:14 Halberdier
39:50 Loom
40:03 Capped Ram
44:13 Blast Furnace
43:38 Bow Saw
43:58 Conscription
44:50 Chemistry
43:43 Stone Mining
44:20 Fletching
44:30 Champion
45:40 Perfusion
47:37 Guilds
52:28 Anarchy
52:14 Elite Huskarl
55:41 Coinage
55:12 Caravan
57:00 Crop Rotation
56:18 Town Watch
55:57 Heavy Scorpion
56:52 Masonry
56:37 Murder Holes
56:35 Heated Shot
57:06 Ballistics
Oscar_Lee
11:01 Feudal Age
14:52 Castle Age
12:55 Horse Collar
14:38 Double-Bit Axe
17:45 Bow Saw
17:53 Heavy Plow
23:33 Wheelbarrow
28:45 Imperial Age
26:06 Loom
26:08 Town Watch
27:13 Hand Cart
27:36 Scale Mail Armor
27:47 Forging
28:02 Treadmill Crane
28:38 Chain Mail Armor
28:26 Pikeman
28:52 Arson
29:08 Squires
30:16 Chemistry
29:44 Halberdier
30:59 Plate Mail Armor
31:05 Iron Casting
31:53 Conscription
31:41 Wagenburg Tactics
31:53 Houfnice
35:25 Siege Engineers
39:58 Blast Furnace
48:51 Man-at-Arms
48:59 Man-at-Arms
50:28 Long Swordsman
51:24 Two-Handed Swordsman
52:24 Champion
HanShiba
10:31 Feudal Age
14:47 Castle Age
13:37 Double-Bit Axe
14:36 Horse Collar
15:49 Bow Saw
18:55 Wheelbarrow
20:12 Loom
22:51 Scale Barding Armor
24:20 Gold Mining
26:28 Hand Cart
29:57 Forging
39:46 Imperial Age
41:06 Chain Barding Armor
40:18 Cavalier
41:35 Iron Casting
41:02 Husbandry
41:13 Bloodlines
42:59 Plate Barding Armor
44:09 Fletching
44:29 Kamandaran
46:04 Ballistics
45:54 Bodkin Arrow
46:14 Crossbowman
46:56 Padded Archer Armor
47:10 Thumb Ring
48:33 Chemistry
49:18 Conscription
50:41 Leather Archer Armor
礦石頭人
9:59 Feudal Age
14:07 Castle Age
13:27 Double-Bit Axe
13:46 Horse Collar
15:31 Bow Saw
21:26 Stone Mining
28:37 Wheelbarrow
27:51 Loom
34:29 Hand Cart
34:51 Hand Cart
35:41 Gold Mining
36:43 Heavy Plow
37:12 Pikeman
38:36 Squires
42:43 Padded Archer Armor
45:23 Imperial Age
43:40 Leather Archer Armor
43:19 Fletching
43:08 Elite Skirmisher
45:39 Bodkin Arrow
46:13 Ballistics
51:39 Bracer
LanceYu
10:38 Feudal Age
14:27 Castle Age
12:29 Horse Collar
12:49 Double-Bit Axe
15:23 Bow Saw
15:14 Heavy Plow
21:54 Wheelbarrow
22:19 Gold Mining
23:11 Hand Cart
28:00 Imperial Age
25:19 Loom
25:26 Town Watch
25:39 Fletching
25:58 Treadmill Crane
26:31 Bodkin Arrow
27:02 Ballistics
26:12 Pikeman
26:53 Squires
27:04 Forging
27:45 Masonry
28:23 Eupseong
28:46 Bracer
29:55 Chemistry
29:04 Stone Mining
29:49 Elite Skirmisher
31:13 Architecture
31:26 Conscription
32:28 Siege Engineers
33:55 Caravan
34:25 Coinage
35:06 Halberdier
36:39 Scale Barding Armor
37:10 Iron Casting
36:35 Scale Mail Armor
39:47 Careening
40:36 Chain Mail Armor
42:58 Banking
43:13 Heavy Rocket Cart
44:57 Plate Mail Armor
46:19 Thumb Ring
52:50 Elite Fire Lancer
53:56 Murder Holes
Connection lost

Rejoining the realm…

Still unreachable

The connection could not be restored.

Session expired

The server has moved on; the page needs a fresh start.